Map: King's Cove LE

Players

herO - Winner!

  • Race: Protoss Protoss
  • Spawn Location: 11:00

aLive

  • Race: Terran Terran
  • Spawn Location: 5:00

Event: IEM Season 13: Katowice (2019)

VOD

Have the link to the VOD?

Description

Time

  • Played on: Feb. 25, 2019, 2:28 p.m.
  • Length: 14:52

All games in this series

Show
View Real Time Build Order
Export as new Build Order

herO Protoss - Winner!

Build Orders: 1 Gate Expand 

Get SALT Encoding   

  12  0:00  Probe  
  13  0:12  Probe  
  14  0:17  Pylon  
  14  0:24  Probe  
  15  0:32  Probe  
  15  0:37  Gateway  
  15  0:40  Probe  
  16  0:46  Assimilator  
  17  0:51  Probe  
  18  1:03  Probe  
  19  1:15  Probe  
  20  1:24  Cybernetics Core  
  20  1:34  Nexus  
  20  1:40  Pylon  
  20  1:43  Probe  
  21  1:48  Assimilator  
  21  1:50  Adept  
  21  1:55  Probe  
  24  2:02  Warp Gate  
  24  2:07  Probe  
  25  2:10  Adept  
  25  2:19  Probe  
  28  2:27  Robotics Facility  
  28  2:31  Probe  
  28  2:34  Adept  
  30  2:45  Probe  
  30  2:46  Probe  
  32  2:58  Probe x2  
  33  3:00  Adept  
  35  3:10  Probe x2  
  35  3:12  Immortal  
  38  3:31  Gateway  
  38  3:41  Warp Prism  
  37  3:45  Gateway  
  36  3:53  Probe x2  
  39  3:59  Stalker  
  41  4:05  Probe x2  
  43  4:10  Pylon  
  43  4:17  Probe, Observer  
  43  4:18  Probe  
  46  4:26  Pylon  
  46  4:29  Stalker  
  48  4:33  Probe x2  
  50  4:45  Probe x2  
  50  4:54  Zealot  
  50  4:55  Zealot x2  
  56  5:05  Probe  
  56  5:06  Probe  
  52  5:09  Warp Prism  
  48  5:14  Twilight Council  
  48  5:18  Probe x2  
  48  5:20  Adept  
  48  5:24  Robotics Bay  
  48  5:30  Probe  
  48  5:31  Probe  
  48  5:32  Assimilator  
  48  5:34  Assimilator  
  50  5:38  Pylon  
  50  5:43  Probe x2  
  50  5:47  Pylon  
  53  5:53  Templar Archives  
  53  5:55  Probe x2  
  54  6:07  Probe x2  
  54  6:08  Charge  
  54  6:10  Gateway  
  56  6:11  Gateway  
  56  6:12  Gateway  
  56  6:15  Gateway  
  56  6:17  Psionic Storm  
  56  6:22  Observer  
  56  6:23  Gateway  
  56  6:35  High Templar x3  
  62  6:46  Nexus  
  62  6:47  Pylon  
  62  6:54  Probe x2  
  62  6:56  Observer  
  62  6:58  Pylon  
  62  7:04  High Templar  
  62  7:05  Zealot  
  66  7:10  Sentry  
  68  7:19  Pylon  
  68  7:20  Probe x2  
  68  7:22  High Templar  
  72  7:23  Zealot x2  
  76  7:32  Probe x2  
  77  7:37  Zealot x3, High Templar  
  77  7:41  Assimilator  
  85  7:50  Probe x2  
  79  7:58  Probe x2  
  81  7:59  Probe  
  81  8:02  Assimilator  
  84  8:06  Probe x2  
  84  8:08  Probe  
  84  8:10  Zealot, High Templar x2  
  93  8:15  Zealot  
  96  8:22  Zealot x2  
  96  8:25  Zealot  
  101  8:29  Stalker  
  103  8:35  Zealot, High Templar  
  103  8:40  Archon  
  107  8:43  Zealot x2, High Templar x2  
  107  8:46  Pylon  
  107  8:47  Archon  
  115  8:50  Zealot  
  111  9:07  Stalker  
  111  9:16  Stalker x3  
  111  9:17  Stalker x3  
  119  9:25  Archon  
  108  9:34  Archon  
  108  9:38  Zealot x2  
  95  9:43  High Templar  
  95  9:44  Zealot x4, High Templar  
  92  9:49  Archon  
  85  9:56  Probe x2  
  85  9:57  Probe  
  74  10:01  High Templar x2  
  74  10:04  Probe x2  
  74  10:05  Probe  
  78  10:08  Warp Prism  
  78  10:12  High Templar  
  78  10:13  Probe x2  
  84  10:16  Probe  
  87  10:23  High Templar x2  
  92  10:29  High Templar x2  
  92  10:34  Zealot  
  97  10:37  Observer  
  97  10:41  Zealot x2  
  101  10:49  Zealot  
  104  10:56  High Templar  
  104  10:57  Zealot, High Templar  
  108  11:01  Archon  
  108  11:02  Zealot x2  
  108  11:03  Zealot  
  110  11:29  Zealot x3, High Templar x4  
  110  11:30  Zealot  
  67  12:03  Stalker  
  67  12:04  Stalker x3  
  66  12:09  Zealot  
  66  12:13  High Templar  
  66  12:14  Probe x2  
  66  12:15  Probe  
  70  12:22  Probe  
  71  12:23  Probe  
  71  12:26  Probe  
  73  12:32  Probe, High Templar  
  73  12:36  Probe  
  77  12:39  Warp Prism  
  80  12:52  High Templar  
  80  12:54  High Templar  
  84  13:00  Sentry  
  86  13:17  High Templar  
  86  13:18  Zealot x2, High Templar  
  94  13:29  Zealot x2, Archon  
  97  13:36  Pylon  
  97  13:39  Observer  
  98  13:44  High Templar  
  100  13:57  Archon  
  100  13:59  Archon  
  92  14:06  High Templar, Archon  
  92  14:07  Zealot x2, High Templar x3  
  102  14:10  Archon  
  102  14:11  Archon  
  56  14:33  Zealot x3  
  58  14:44  Zealot, High Templar x4  
Show
View Real Time Build Order
Export as new Build Order

aLive Terran 

Build Orders: Gas First Reaper Expand 

Get SALT Encoding   

  12  0:00  SCV  
  13  0:12  SCV  
  14  0:17  Supply Depot  
  14  0:25  SCV  
  15  0:28  Refinery  
  15  0:39  SCV  
  16  0:45  Barracks  
  16  0:51  SCV  
  17  1:03  SCV  
  18  1:15  SCV  
  19  1:33  Reaper, Orbital Command  
  20  1:51  Command Center  
  20  1:58  Factory  
  20  2:01  SCV  
  20  2:06  Barracks Reactor  
  21  2:13  SCV  
  22  2:17  Supply Depot  
  22  2:21  Refinery  
  22  2:26  SCV  
  23  2:39  SCV  
  23  2:42  Marine x2, Hellion  
  28  2:51  SCV  
  29  3:00  Marine x2  
  29  3:03  SCV  
  31  3:17  Starport  
  31  3:21  Factory Tech Lab  
  31  3:31  Barracks  
  31  3:43  SCV  
  31  3:44  Siege Tank, Marine x2  
  31  3:47  Orbital Command  
  35  3:55  SCV  
  35  3:57  Viking  
  35  3:59  Bunker  
  38  4:07  SCV, Marine x2  
  41  4:11  Supply Depot  
  41  4:19  Barracks Tech Lab  
  41  4:20  Siege Tank  
  41  4:23  SCV  
  41  4:24  SCV  
  46  4:29  Starport Tech Lab  
  46  4:32  Marine x2  
  46  4:38  Supply Depot  
  48  4:39  SCV  
  48  4:40  SCV  
  48  4:42  Marine  
  51  4:49  Stimpack  
  51  4:54  Raven  
  51  4:55  SCV  
  51  4:59  SCV  
  45  5:07  SCV  
  45  5:12  SCV  
  46  5:19  SCV, Marine x2  
  49  5:24  SCV  
  49  5:26  Barracks, Refinery  
  50  5:28  Factory Reactor  
  50  5:36  SCV x2  
  50  5:38  Marine x3  
  50  5:39  Supply Depot  
  55  5:45  Engineering Bay, Starport Reactor  
  55  5:48  SCV x2  
  57  5:57  Barracks  
  57  6:00  SCV x2  
  57  6:03  Barracks  
  59  6:04  Marine x2  
  59  6:05  Marine  
  59  6:06  Widow Mine x2  
  65  6:13  Terran Infantry Weapons Level 1  
  65  6:14  SCV x2  
  65  6:17  Supply Depot  
  67  6:18  Combat Shield  
  67  6:21  Medivac  
  69  6:25  Refinery  
  69  6:26  SCV  
  69  6:32  Supply Depot  
  70  6:39  Widow Mine x2, SCV  
  75  6:40  Supply Depot  
  75  6:42  SCV, Supply Depot  
  76  6:49  Ghost Academy  
  76  6:50  Marine x2  
  76  6:53  Barracks Reactor, SCV  
  79  6:57  SCV  
  79  7:00  Medivac  
  79  7:01  Medivac  
  85  7:13  Supply Depot  
  85  7:15  Marine x2  
  86  7:16  Marauder x3  
  86  7:22  SCV x2  
  94  7:29  Command Center  
  94  7:37  Ghost  
  94  7:38  Ghost, Widow Mine x2  
  94  7:43  Marine x4  
  106  7:49  Supply Depot  
  104  7:53  Ghost  
  104  8:03  Widow Mine x2, Marine x2  
  110  8:07  SCV x2, Marine x2  
  110  8:08  Supply Depot  
  110  8:10  Supply Depot  
  110  8:12  Terran Infantry Armor Level 1  
  114  8:19  SCV x2  
  116  8:23  Medivac x2  
  120  8:36  Ghost  
  120  8:37  Marauder x2, Marine x2  
  129  8:48  SCV x2  
  129  8:51  Orbital Command, Supply Depot  
  123  8:58  Ghost x2  
  123  9:06  Marine x4  
  123  9:07  Ghost  
  109  9:25  Marine x4  
  109  9:29  Marauder x2  
  100  9:36  Marauder  
  90  9:41  Orbital Command  
  90  9:43  Marine x4  
  72  9:51  Marauder x2  
  64  9:54  Medivac  
  64  9:57  Marauder  
  64  9:59  SCV x2  
  60  10:10  Medivac  
  60  10:11  SCV x2  
  60  10:14  Widow Mine x2  
  68  10:20  SCV  
  65  10:23  SCV  
  65  10:27  Medivac  
  68  10:32  SCV x2  
  68  10:34  Marine x4  
  68  10:35  SCV  
  75  10:37  Widow Mine x2  
  79  10:45  Ghost  
  79  10:46  Ghost  
  79  10:47  Marauder  
  79  10:48  SCV x2  
  79  10:49  SCV  
  88  10:57  Marine x3  
  88  10:58  Marine  
  88  11:00  Widow Mine x2  
  88  11:03  SCV x3  
  99  11:11  Concussive Shells  
  97  11:16  Ghost  
  93  11:19  Marine  
  93  11:20  Ghost, Marine x3  
  92  11:30  Orbital Command, SCV  
  87  11:35  Marauder  
  78  11:40  Marine x3  
  78  11:42  SCV  
  78  11:45  Marauder  
  78  11:47  Orbital Command  
  72  11:49  Marauder  
  62  12:01  Widow Mine x2  
  55  12:17  SCV x3  
  52  12:34  Marine x4  
  52  12:35  SCV x2  
  52  12:36  SCV  
  59  12:47  Widow Mine x2  
  63  12:52  Orbital Command  
  63  12:56  Marine  
  63  12:57  Marine x3  
  63  12:58  Marauder x2  
  71  13:02  Ghost  
  73  13:17  Marine x2  
  73  13:18  Marine x2  
  77  13:20  Ghost x2  
  81  13:30  Ghost, SCV x2  
  85  13:34  SCV  
  85  13:39  Marine x2  
  85  13:40  Marine  
  89  13:47  Marine  
  90  13:48  SCV  
  78  14:05  Marine x4  
  83  14:13  Medivac  
  83  14:14  Medivac  
  73  14:25  SCV x3  
  55  14:32  Marine x2  

Tags
 
Add a new tag
Caveats
  • Supply blocks, unpowered buildings, or Contaminate may cause inaccurate times.
  • Supply counts are checked every 10 seconds.